Map: Disco Bloodbath LE

Players

Denver - Winner!

  • Race: Zerg Zerg
  • Spawn Location: 9:00

Taldan

  • Race: Protoss Protoss
  • Spawn Location: 3:00

VOD

Have the link to the VOD?

Description

Time

  • Played on: Sept. 6, 2019, 12:25 p.m.
  • Length: 6:42
Show
View Real Time Build Order
Export as new Build Order

Denver Zerg - Winner!

Build Orders: Pool First 

Get SALT Encoding   

  12  0:00  Drone  
  13  0:13  Overlord  
  13  0:16  Drone  
  14  0:33  Spawning Pool  
  13  0:37  Drone  
  13  0:41  Drone  
  15  0:44  Drone  
  16  1:12  Hatchery  
  15  1:20  Zergling x2  
  15  1:21  Zergling x4  
  18  1:29  Queen  
  20  1:35  Extractor  
  19  1:41  Drone  
  20  1:50  Drone  
  20  1:56  Roach Warren  
  19  2:07  Queen  
  21  2:16  Overlord  
  23  2:37  Roach x2  
  23  2:38  Roach  
  27  2:44  Roach  
  29  2:53  Drone  
  29  2:54  Drone x2  
  32  3:01  Drone  
  33  3:07  Overlord  
  33  3:11  Drone  
  34  3:14  Drone  
  34  3:19  Drone  
  36  3:24  Overlord  
  36  3:29  Metabolic Boost  
  36  3:32  Drone  
  37  3:39  Drone x2  
  39  3:41  Drone  
  39  3:44  Drone  
  41  3:50  Drone x2  
  41  3:55  Overlord  
  43  3:57  Drone  
  43  4:02  Drone x2  
  46  4:10  Queen  
  48  4:17  Queen  
  50  4:27  Ravager  
  50  4:28  Drone x6, Ravager  
  50  4:31  Extractor x2  
  55  4:36  Ravager  
  55  4:38  Overlord  
  55  4:44  Overlord  
  55  4:48  Queen  
  57  4:57  Overlord  
  57  5:05  Roach x3  
  57  5:06  Overlord  
  60  5:13  Roach x3  
  66  5:16  Overlord  
  66  5:23  Roach x3  
  66  5:25  Overlord  
  72  5:33  Ravager  
  73  5:37  Hatchery  
  73  5:42  Drone x2  
  74  5:46  Drone x3  
  77  5:54  Spore Crawler  
  77  5:55  Spore Crawler  
  75  5:58  Ravager x2  
  77  6:05  Zergling x8  
  77  6:06  Zergling x2  
  77  6:09  Overlord  
  82  6:13  Roach  
  84  6:18  Roach  
  84  6:19  Roach x2  
  84  6:22  Overlord  
Show
View Real Time Build Order
Export as new Build Order

Taldan Protoss 

Build Orders:  

Get SALT Encoding   

  12  0:00  Probe  
  13  0:12  Probe  
  14  0:17  Pylon  
  14  0:24  Probe  
  15  0:35  Forge  
  15  0:40  Probe  
  16  0:57  Pylon  
  16  1:16  Photon Cannon  
  16  1:17  Gateway  
  16  1:20  Pylon  
  16  1:24  Pylon  
  16  1:34  Pylon  
  16  1:38  Probe  
  16  1:46  Probe, Assimilator  
  17  1:54  Probe  
  17  1:58  Assimilator  
  18  2:01  Zealot  
  18  2:07  Probe  
  19  2:09  Cybernetics Core  
  21  2:19  Probe  
  21  2:31  Probe  
  22  2:38  Photon Cannon  
  22  2:43  Probe  
  21  2:52  Robotics Facility  
  21  2:55  Probe  
  21  2:56  Warp Gate  
  21  2:57  Gateway  
  22  3:07  Probe  
  23  3:13  Gateway  
  23  3:19  Probe  
  24  3:30  Pylon  
  24  3:41  Pylon  
  24  3:43  Immortal  
  24  3:48  Sentry  
  30  3:54  Pylon  
  30  4:00  Sentry  
  32  4:14  Stalker  
  34  4:21  Shield Battery  
  34  4:24  Warp Prism  
  34  4:36  Gateway  
  36  4:55  Cybernetics Core  
  36  5:07  Stalker  
  36  5:08  Stalker  
  36  5:09  Observer  
  41  5:31  Stalker x2  
  41  5:32  Stalker  
  47  5:48  Robotics Bay  
  47  6:01  Pylon  
  47  6:03  Pylon  
  47  6:22  Stalker  
  47  6:23  Stalker x2  
  45  6:34  Stalker x2  
Tags
 
Add a new tag
Caveats
  • Supply blocks, unpowered buildings, or Contaminate may cause inaccurate times.
  • Supply counts are checked every 10 seconds.